 Dungeon Crawl Stone Soup version 0.29-a0-330-g52719c12eb (webtiles) character file.

Game seed: 13515259971280658506

7 kae the Firebug (level 1, 0/14 HPs)
             Began as a Demigod Fire Elementalist on Apr 23, 2022.
             Slain by a jackal (2 damage)
             ... on level 1 of the Dungeon.
             The game lasted 00:00:21 (681 turns).

kae the Firebug (Demigod Fire Elementalist)          Turns: 681, Time: 00:00:21

Health: 0/14       AC:  2    Str:  9    XL:     1   Next: 73%
Magic:  2/5        EV: 12    Int: 17    God:
Gold:   0          SH:  0    Dex: 14    Spells: 3/4 levels left

rFire   . . .      SeeInvis .   (no weapon)
rCold   . . .      Faith    .   (no shield)
rNeg    . . .      Spirit   .   a - +0 robe
rPois   .          Reflect  .   (no helmet)
rElec   .          Harm     .   (no cloak)
rCorr   .          Rampage  .   (no gloves)
Will    .....                   (no boots)
Stlth   ++........              (no amulet)
HPRegen 0.04/turn               (no ring)
MPRegen 0.09/turn               (no ring)

@: brilliant
A: high MP 1, forlorn, divine attributes
a: no special abilities


You were on level 1 of the Dungeon.
You visited 1 branch of the dungeon, and saw 1 of its levels.

Inventory:

Armour
 a - a +0 robe (worn)
Scrolls
 c - a scroll of immolation {unknown}
Potions
 b - a potion of magic


   Skills:
 - Level 1.7 Dodging
 - Level 1.7 Stealth
 + Level 2.0 Spellcasting
 + Level 1.2 Conjurations
 + Level 2.8 Fire Magic


You had 3 spell levels left.
You knew the following spells:

 Your Spells              Type           Power      Damage    Failure   Level
a - Foxfire               Conj/Fire      52%        2x1d6     9%          1

Your spell library contained the following spells:

 Spells                   Type           Power      Damage    Failure   Level
 Scorch                   Fire           34%        2d7       9%          2
 Conjure Flame            Conj/Fire      13%        6-21      26%         3
 Ensorcelled Hibernation  Hex/Ice        4%         N/A       28%         2
 Passwall                 Tmut/Erth      1%         N/A       28%         2
 Inner Flame              Hex/Fire       9%         N/A       32%         3
 Ignite Poison            Fire/Tmut/Pois 7%         N/A       36%         3
 Mephitic Cloud           Conj/Pois/Air  4%         N/A       45%         3
 Swiftness                Air            2%         N/A       50%         3
 Flame Wave               Conj/Fire      13%        2d6       63%         4
 Freezing Cloud           Conj/Ice/Air   2%         6-21      99%         5


Dungeon Overview and Level Annotations

Branches:
Dungeon (1/15)


Innate Abilities, Weirdness & Mutations

You have an increased reservoir of magic. (+10% MP)
You shall have no god before yourself.
Your divine heritage dramatically boosts your attributes as you level up.


Message History

There is not enough space to conjure foxfire!
Casting: Foxfire (safe; 9% risk of failure)
Confirm with . or Enter, or press ? or * to list all spells.
You feel a surge of power!
There is not enough space to conjure foxfire!
Your foxfire dissipates!
The jackal bites you but does no damage.
The jackal bites you. The jackal attacks as you move away!
The jackal misses you. The jackal closely misses you. The jackal bites you.
There is an open door, spattered with blood here.
The jackal attacks as you move away! The jackal barely misses you.
Casting: Foxfire (safe; 9% risk of failure)
Confirm with . or Enter, or press ? or * to list all spells.
You feel a surge of power!
You conjure some foxfire!
The foxfire hits the jackal but does no damage. x2
The jackal closely misses you.
The jackal bites you but does no damage.
The jackal bites you.
Casting: Foxfire (safe; 9% risk of failure)
Confirm with . or Enter, or press ? or * to list all spells.
You feel a surge of power!
You conjure some foxfire!
The jackal bites you but does no damage.
The jackal bites you.
* * * LOW HITPOINT WARNING * * *
The jackal bites you.
* * * LOW HITPOINT WARNING * * *
The foxfire hits the jackal.
The jackal is severely wounded.
The foxfire hits the jackal.
You kill the jackal!
The jackal closely misses you. x2; The jackal bites you.
* * * LOW HITPOINT WARNING * * *
The jackal barely misses you.
Casting: Foxfire (safe; 9% risk of failure)
Confirm with . or Enter, or press ? or * to list all spells.
You feel a surge of power!
You conjure some foxfire!
The jackal closely misses you. The jackal bites you.
You die...

#...##....#####
#...........##....##### ....###
#...................... ......#
#...........###..###### ....#.#
#...........###..###### ......#
#...................##. #.....#
#...........#.......... #.....#
#....vv....#####.##.##. #.....#
#....h@†............##.
#.)...##########h####.####.####..
#...........gh..g# #...##.#.....
#....################...##.#..###
..... #..............##.#..# #
.....#####.###############.##)###
.................................
...).#####....###.............###
..... #.......................÷


You could see 2 jackals and a hobgoblin.

Vanquished Creatures
  An endoplasm (D:1)
  A hobgoblin (D:1)
  3 jackals (D:1)
  A goblin (D:1)
6 creatures vanquished.

Vanquished Creatures (others)
  30 foxfires (D:1)
30 creatures vanquished.

Grand Total: 36 creatures vanquished

Notes
Turn   | Place    | Note
-------+----------+-------------------------------------------
     0 | D:1      | kae the Demigod Fire Elementalist began the quest for the
                  | Orb.
     0 | D:1      | Reached XP level 1. HP: 14/14 MP: 5/5
   261 | D:1      | Reached skill level 1 in Conjurations
   681 | D:1      | Slain by a jackal

Illustrated notes

Levels and vault maps discovered:
D:1:      dpeg_arrival_ternary, layout_basic, basic_ecumenical_altar,
          minmay_misc_feat_tiny

Skill      XL: |  1 |
---------------+----+-----
Conjurations   | 1 |  1.2
Spellcasting   | 2 |  2.0
Dodging        | |  1.7
Stealth        | |  1.7
Fire Magic     | |  2.8

Action                   || total
-------------------------++-------
Melee: Unarmed           ||     3
 Cast: Foxfire           ||    18
  Use: Potion            ||     2
Armor: Robe              ||     6
Dodge: Dodged            ||    25

Table legend: (Time is in decaauts)
 A = Elapsed time spent in this place.
 B = Non-inter-level travel time spent in this place.
 C = Inter-level travel time spent in this place.
 D = Time resting spent in this place.
 E = Time spent auto-exploring this place.
 F = Levels seen in this place.
 G = Mean time per level.
                   A        B        C        D        E       F      G
               +--------+--------+--------+--------+--------+-----+--------+
         Total |    681 |    681 |      0 |    247 |    355 |   1 |  681.0 |
       Dungeon |    681 |    681 |      0 |    247 |    355 |   1 |  681.0 |
               +--------+--------+--------+--------+--------+-----+--------+

Top non-repeatable levels by time:
     D:1: 681 daAuts
